 Dungeon Crawl Stone Soup version 0.13-a0-3016-gcb2faac (webtiles) character file.

243 PolkaDot the Ruinous (level 4, -6/28 HPs)
             Began as a Vampire Wizard on Sept 13, 2013.
             Was an Initiate of Sif Muna.
             Killed by divine providence
             ... invoked by an orc priest
              (11 damage)
             ... on Level 3 of the Dungeon.
             The game lasted 00:08:58 (2895 turns).

PolkaDot the Ruinous (Vampire Wizard)               Turns: 2895, Time: 00:08:58

HP  -6/28        AC  3     Str  6      XL: 4   Next: 59%
MP   2/12        EV 18     Int 20 (21) God: Sif Muna [......]
Gold 134         SH  0     Dex 17      Spells:  3 memorised,  2 levels left

Res.Fire  : . . .   See Invis. : +   o - -2,-3 dwarf dagger (curse)
Res.Cold  : . . .   Warding    : .   a - +0 robe
Life Prot.: . . .   Conserve   : .   (no shield)
Res.Poison: .       Res.Corr.  : .   b - +0 wizard hat
Res.Elec. : .       Clarity    : .   i - +0 cloak
Sust.Abil.: . .     Spirit.Shd : .   (no gloves)
Res.Mut.  : .       Stasis     : +   (no boots)
Res.Rott. : .       Flight     : .   r - amulet of stasis
Saprovore : . . .                    (no ring)
                                     (no ring)

@: regenerating quickly, agile, very slightly contaminated, slightly resistant
to hostile enchantments, quite stealthy
A: fangs 3, see invisible, unbreathing
a: Renounce Religion


You were on level 3 of the Dungeon.
You worshipped Sif Muna.
Sif Muna was noncommittal.
You were very full.

You visited 1 branch of the dungeon, and saw 3 of its levels.

You collected 114 gold pieces.

Inventory:

Hand weapons
 l - a +0,+0 elven dagger (quivered)
 o - a cursed -2,-3 dwarven dagger (weapon)
Armour
 a - a +0 robe (worn)
 b - a +0 wizard hat (worn)
 i - a +0 cloak (worn)
Scrolls
 d - a scroll of fear {unknown}
 g - 2 scrolls of teleportation {unknown}
 k - a scroll of curse weapon {unknown}
 n - 3 scrolls of remove curse {unknown}
 p - a scroll of blinking {unknown}
 q - 3 scrolls of identify {unknown}
Jewellery
 r - an amulet of stasis (around neck)
Books
 c - a book of Minor Magic

   Spells                             Type                      Level
   *Magic Dart                        Conjuration                  1
   Blink                              Translocation                2
   Call Imp                           Summoning                    2
   Repel Missiles                     Charms/Air                   2
   Slow                               Hexes                        2
   *Conjure Flame                     Conjuration/Fire             3
   *Mephitic Cloud                    Conjuration/Poison/Air       3


   Skills:
 - Level 2.1 Dodging
 - Level 3.0 Stealth
 - Level 3.0 Spellcasting
 * Level 3.3 Conjurations
   Level 1.0 Summonings
   Level 0.7 Translocations


You had 2 spell levels left.
You knew the following spells:

 Your Spells              Type           Power        Failure   Level  Hunger
a - Magic Dart            Conj           ###.         3%          1    None
d - Mephitic Cloud        Conj/Pois/Air  #.......     30%         3    ###....
s - Conjure Flame         Conj/Fire      #.......     24%         3    ###....


Dungeon Overview and Level Annotations

Branches:
Dungeon (3/27)

Altars:
Ashenzari
Nemelex Xobeh
Sif Muna


Innate Abilities, Weirdness & Mutations

Your natural rate of healing is unusually fast.
You have razor-sharp teeth.*
You have supernaturally acute eyesight.
You can survive without breathing.*


Message History

You bite the orc priest, but do no damage.
The orc priest is heavily wounded.
The orc priest barely misses you.
You barely miss the orc priest.
The orc priest is heavily wounded.
The orc priest barely misses you.
You hit the orc priest but do no damage.
The orc priest is heavily wounded.
The orc priest closely misses you.
You closely miss the orc priest.
The orc priest is heavily wounded.
The orc priest hits you with an orcish falchion!
You hit the orc priest but do no damage.
The orc priest is heavily wounded.
The orc priest calls down the wrath of Beogh upon you.
Something smites you!
* * * LOW HITPOINT WARNING * * *
The orc priest calls down the wrath of Beogh upon you.
Something smites you!
You die...

#.............≈≈♣≈≈≈≈≈≈≈≈≈≈♣≈
#.........####≈≈≈≈≈≈≈≈≈≈≈≈PP♣
#.........#####♣♣P≈≈≈≈≈≈≈≈≈≈≈
#..............≈≈P≈≈≈≈≈≈PP≈♣.
###....########♣♣≈≈♣≈≈≈≈≈≈PP#
#............≈♣≈≈≈≈≈≈P≈P≈P#
#....#.....###♣♣≈≈≈≈PP≈≈♣≈#
#....#.....# #≈≈≈♣≈≈P♣≈♣♣..
#....#....@# ♣≈P≈≈P≈≈≈#..
#....#..((.#####P≈≈o≈≈≈♣#..
#....#.....o)...)♣≈≈≈≈♣....
#....#.....######♣♣♣♣P.....
#....#...(........≈ ♣......
######.....####### #####..
####### #.. #>. ###


You could see an orc priest.

Vanquished Creatures
  3 adders
  A giant mite (D:1)
  4 giant geckos
  3 oozes
  6 orcs (D:3)
  A ball python (D:2)
  4 bats
  2 giant cockroaches (D:3)
  8 goblins
  8 hobgoblins
  3 jackals (D:1)
  7 kobolds
  3 giant newts
  7 rats
60 creatures vanquished.

Notes
Turn   | Place    | Note
--------------------------------------------------------------
     0 | D:1      | PolkaDot, the Vampire Wizard, began the quest for the Orb.
     0 | D:1      | Reached XP level 1. HP: 11/11 MP: 6/6
    63 | D:1      | Reached skill level 1 in Conjurations
   299 | D:1      | Reached XP level 2. HP: 17/17 MP: 1/8
   900 | D:1      | Reached XP level 3. HP: 22/22 MP: 7/10
  1040 | D:2      | Found a sparkling altar of Nemelex Xobeh.
  1780 | D:2      | Reached XP level 4. HP: 28/28 MP: 6/12
  2469 | D:3      | Found a deep blue altar of Sif Muna.
  2541 | D:3      | Became a worshipper of Sif Muna the Loreminder
  2546 | D:3      | Learned a level 3 spell: Conjure Flame
  2550 | D:3      | Learned a level 3 spell: Mephitic Cloud
  2593 | D:3      | Found a shattered altar of Ashenzari.
  2895 | D:3      | Killed from afar by an orc priest

Action                   |  1- 3 |  4- 6 || total
-------------------------+-------+-------++-------
Melee: Unarmed           |     3 |       ||     3
       Dagger            |    14 |    12 ||    26
 Cast: Magic Dart        |    99 |    54 ||   153
  Use: Potion            |     1 |     6 ||     7
 Stab: Sleeping          |       |     1 ||     1
